 Dungeon Crawl Stone Soup version 0.27-a0-29-g2d0a2396b0 (webtiles) character file.

Game seed: 10362607026083468925

3 sahdkjhfkaj the Grave Robber (level 1, -2/14 HPs)
             Began as a Ghoul Necromancer on Jan 3, 2021.
             Killed from afar by a dart slug (4 damage)
             ... with a slug dart
             ... on level 1 of the Dungeon.
             The game lasted 00:00:36 (93 turns).

sahdkjhfkaj the Grave Robber (Ghoul Necromancer)      Turns: 93, Time: 00:00:36

Health: -2/14      AC:  2    Str: 11    XL:     1   Next: 50%
Magic:  0/2        EV: 12    Int: 10    God:
Gold:   0          SH:  0    Dex:  9    Spells: 2/3 levels left

rFire    . . .     SeeInvis .   (no weapon)
rCold    + . .     Faith    .   (no shield)
rNeg     + + +     Spirit   .   a - +0 robe
rPois    ∞         Reflect  .   (no helmet)
rElec    .         Harm     .   (no cloak)
rCorr    .         Rampage  .   (no gloves)
Will     .....                  (no boots)
Stlth    ++........             (no amulet)
HPRegen  0.00/turn              (no ring)
MPRegen  0.08/turn              (no ring)

@: no status effects
A: claws 1, cold resistance 1, negative energy resistance 3, inhibited
regeneration, torment resistance, unbreathing
a: no special abilities


You were on level 1 of the Dungeon.
You visited 1 branch of the dungeon, and saw 1 of its levels.

Inventory:

Armour
 a - a +0 robe (worn)
Potions
 b - 2 potions of heal wounds {unknown}
 c - 2 potions of curing {unknown}


   Skills:
 - Level 2.0 Dodging
 - Level 2.1 Stealth
 + Level 1.9 Spellcasting
 - Level 4.0 Necromancy


You had 2 spell levels left.
You knew the following spells:

 Your Spells              Type           Power        Failure   Level
a - Pain                  Necr           32%          6%          1

Your spell library contained the following spells:

 Spells                   Type           Power        Failure   Level
 Animate Skeleton         Necr           16%          6%          1
 Vampiric Draining        Necr           4%           19%         3
 Animate Dead             Necr           4%           52%         4
 Agony                    Necr           8%           86%         5


Dungeon Overview and Level Annotations

Branches:
Dungeon (1/15)

Altars:


Innate Abilities, Weirdness & Mutations

You thrive by killing the living.
You are immune to poison.
You have sharp fingernails.
Your flesh is cold resistant. (rC+)
You are immune to negative energy. (rN+++)
You do not regenerate when monsters are visible.
You are immune to unholy pain and torment.
You can survive without breathing.


Message History

You barely miss the goblin. The goblin hits you with a +0 dagger.
You closely miss the goblin. The goblin barely misses you.
You barely miss the goblin. The goblin hits you with a +0 dagger.
Casting: Pain (safe; 6% risk of failure)
Confirm with . or Enter, or press ? or * to list all spells.
Aiming: Pain (safe; 6% risk of failure)
Press: ? - help, Shift-Dir - straight line, f/p - dart slug
Aim: a dart slug (chance to affect: 73%)
The goblin struggles to resist.
The goblin barely misses you.
Unknown command.
You scratch the goblin.
The goblin is moderately wounded.
The goblin barely misses you.
You barely miss the goblin.
The goblin is moderately wounded.
The goblin hits you with a +0 dagger.
* * * LOW HITPOINT WARNING * * *
The dart slug launches a dart at you. The slug dart hits you.
You die...

##### #...# #...#
#.(.# ### #...########
.... ###)..........
..... ##g@...########
......#######..#.#.###
....)....ggw...#.#...#
......##..######'###.#
..... #.## #.8.8.#.#
.... #.# #.....#.# ...
#.# #.....#.. ## ..#
#.8.8.##. .## #.....#
..


You could see a dart slug, a hobgoblin and a goblin.

Vanquished Creatures
  A goblin (D:1)
  A kobold (D:1)
  A rat (D:1)
3 creatures vanquished.

Notes
Turn   | Place    | Note
-------+----------+-------------------------------------------
     0 | D:1      | sahdkjhfkaj the Ghoul Necromancer began the quest for the
                  | Orb.
     0 | D:1      | Reached XP level 1. HP: 14/14 MP: 2/2
    93 | D:1      | Killed from afar by a dart slug

Illustrated notes

Levels and vault maps discovered:
D:1:      elethiomel_arrival_quiet, layout_rooms

Skill      XL: |  1 |
---------------+----+-----
Dodging        | 2 |  2.0
Stealth        | |  2.1
Spellcasting   | |  1.9
Necromancy     | |  4.0

Action                   || total
-------------------------++-------
Melee: Unarmed           ||     6
 Cast: Pain              ||     6
Dodge: Dodged            ||     3

Table legend: (Time is in decaauts)
 A = Elapsed time spent in this place.
 B = Non-inter-level travel time spent in this place.
 C = Inter-level travel time spent in this place.
 D = Time resting spent in this place.
 E = Time spent auto-exploring this place.
 F = Levels seen in this place.
 G = Mean time per level.
                   A        B        C        D        E       F      G
               +--------+--------+--------+--------+--------+-----+--------+
         Total |     93 |     93 |      0 |      0 |     61 |   1 |   93.0 |
       Dungeon |     93 |     93 |      0 |      0 |     61 |   1 |   93.0 |
               +--------+--------+--------+--------+--------+-----+--------+

Top non-repeatable levels by time:
     D:1: 93 daAuts
